 Dungeon Sprint DCSS version 0.27-a0-1071-ga85bd9520d (webtiles) character file.

Game seed: 6461421232276043084

298 mhtbhm the Arsonist (level 6, -3/32 HPs)
             Began as a Deep Elf Fire Elementalist on Apr 24, 2021.
             Was a Believer of Vehumet.
             Slain by an air elemental (9 damage)
             ... in the Dungeon (Sprint V: "Ziggurat Sprint").
             The game lasted 00:02:05 (411 turns).

mhtbhm the Arsonist (Deep Elf Fire Elementalist)     Turns: 411, Time: 00:02:06

Health: -3/32      AC:  6    Str:  5    XL:     6   Next: 13%
Magic:  15/19      EV: 14    Int: 34    God:    Vehumet [**....]
Gold:   0          SH:  0    Dex: 15    Spells: 5/21 levels left

rFire    + . .     SeeInvis .   B - +8 lance "Wyrmbane" {slay drac, rPois rF+ rC+ AC+3}
rCold    + . .     Faith    .   (no shield)
rNeg     . . .     Spirit   .   a - +1 robe {Archmagi}
rPois    +         Reflect  .   (no helmet)
rElec    .         Harm     .   (no cloak)
rCorr    .         Rampage  .   (no gloves)
Will     .....     NoTele   +   (no boots)
Stlth    +++.......             (no amulet)
HPRegen  0.10/turn              x - +6 ring of intelligence
MPRegen  0.16/turn              y - +6 ring of intelligence

@: flying (expiring)
A: no striking features
a: Renounce Religion


You were in the Dungeon.
You worshipped Vehumet.
Vehumet was pleased with you.
You visited 1 branch

Inventory:

Hand Weapons
 B - the +8 lance "Wyrmbane" (weapon) {slay drac, rPois rF+ rC+ AC+3}
   (You found it in the Dungeon)

   It affects your AC (+3).
   It protects you from fire.
   It protects you from cold.
   It protects you from poison.
Armour
 a - a +1 robe of the Archmagi (worn)
Jewellery
 x - a +6 ring of intelligence (left hand)
 y - a +6 ring of intelligence (right hand)
Wands
 r - a wand of mindburst (6)
 s - a wand of iceblast (2)
 t - a wand of acid (6)
Scrolls
 h - 4 scrolls of blinking
 m - 4 scrolls of amnesia
 n - 7 scrolls of fog
 o - a scroll of holy word
 p - 5 scrolls of identify
 q - 2 scrolls of fear
Potions
 b - 2 potions of brilliance
 c - 10 potions of curing
 d - 9 potions of heal wounds
 e - 6 potions of haste
 f - 7 potions of magic
 g - 3 potions of berserk rage
 i - 2 potions of invisibility
 j - 4 potions of resistance
 k - a potion of experience
 l - 5 potions of might
Miscellaneous
 C - a lightning rod (4/4)


   Skills:
 + Level 5.9 Dodging
 - Level 5.8 Stealth
 + Level 8.1 Spellcasting
 + Level 1.5 Conjurations
 + Level 10.6 Fire Magic
 + Level 2.7 Evocations


You had 5 spell levels left.
You knew the following spells:

 Your Spells              Type           Power      Damage    Failure   Level
a - Foxfire               Conj/Fire      100%       2x1d9     1%          1
b - Conjure Flame         Conj/Fire      70%        6-21      1%          3
c - Inner Flame           Hex/Fire       66%        N/A       1%          3
d - Sticky Flame          Conj/Fire      70%        2d8       2%          4
e - Fireball              Conj/Fire      35%        3d15      8%          5

Your spell library contained the following spells:

 Spells                   Type           Power      Damage    Failure   Level
 Freeze                   Ice            80%        1d9       3%          1
 Blink                    Tloc           N/A        N/A       4%          2
 Slow                     Hex            20%        N/A       4%          2
 Leda's Liquefaction      Hex/Erth       10%        N/A       32%         4
 Discord                  Hex            10%        N/A       100%        8


Dungeon Overview and Level Annotations

Branches:
Dungeon (1/1)

Altars:
Ashenzari
Cheibriados
Dithmenos
Elyvilon
Fedhas
Gozag
Hepliaklqana
Kikubaaqudgha
Makhleb
Nemelex Xobeh
Okawaru
Qazlal
Ru
Sif Muna
Trog
Uskayaw
Vehumet
Wu Jian
Xom
Yredelemnul
Zin
The Shining One
Beogh
Jiyva
Lugonu

Annotations:
D 1 transporter


Message History

Okay, then.
Casting: Foxfire (safe; 1% risk of failure)
Confirm with . or Enter, or press ? or * to list all spells.
The spell is quite dangerous to cast (2% risk of failure)!
Continue anyway?
Okay, then.
Casting: Sticky Flame (quite dangerous; 2% risk of failure)
Confirm with . or Enter, or press ? or * to list all spells.
The spell is quite dangerous to cast (2% risk of failure)!
Continue anyway?
Aiming: Sticky Flame (quite dangerous; 2% risk of failure)
Press: ? - help, Shift-Dir - straight line, f - air elemental
Aim: an air elemental (100% to hit)
You feel a surge of power!
The sticky flame hits the air elemental!
The air elemental is moderately damaged.
The air elemental hits you! The air elemental hits you.
Unknown command.
Aiming: Corrosive Bolt
Press: ? - help, Shift-Dir - straight line, f/p - air elemental
Aim: an air elemental (moderately damaged, 43% to hit)
The bolt of acid hits the air elemental!
The air elemental is splashed with acid.
The acid corrodes the air elemental!
The air elemental is almost destroyed.
The bolt of acid hits the air elemental!
The air elemental is splashed with acid.
The air elemental is heavily damaged.
A vortex of raging winds appears around the air elemental! x2
The air elemental hits you!
A vortex of raging winds appears around the air elemental!
The air elemental closely misses you.
Unknown command.
Unknown command.
You feel much better.
The vortex of raging winds lifts you up.
You fly up into the air.
A vortex of raging winds appears around the air elemental!
The air elemental hits you!
* * * LOW HITPOINT WARNING * * *
The air elemental hits you!
You die...

▓.†...▓.....▓..©..▓
▓..©..▓..©..▓▓▓▓▓▓▓
▓▓▓▓▓▓▓▓▓▓▓▓▓▓
▓§§8©8§..▓
▓§§§§§§..▓
▓§§§§§...▓
▓.§§E§§§.▓
▓..§E§.§.▓
▓.▓§E@§▓.▓
▓§§§E§§§.▓
▓▓▓▓▓▓▓▓▓▓


You could see 4 air elementals.

Vanquished Creatures
  A necrophage (D)
  A phantom (D)
  2 wights (D)
  An orc priest (D)
  An orc wizard (D)
  An adder skeleton (D)
  An orc (D)
  A jackal zombie (D)
9 creatures vanquished.

Notes
Turn   | Place    | Note
-------+----------+-------------------------------------------
     0 | D        | mhtbhm the Deep Elf Fire Elementalist began the quest for
                  | the Orb.
     0 | D        | Reached XP level 1. HP: 10/10 MP: 6/6
     0 | D        | Found a shimmering blue altar of Sif Muna.
     0 | D        | Found a bloodstained altar of Trog.
     0 | D        | Found a sacrificial altar of Ru.
     0 | D        | Found a stormy altar of Qazlal.
     0 | D        | Found an iron altar of Okawaru.
     1 | D        | Found a sparkling altar of Nemelex Xobeh.
     1 | D        | Found a blossoming altar of Fedhas.
     2 | D        | Found the +6 Majin-Bo {vamp, MP+6 Int+6}
     2 | D        | Found the +9 heavy crossbow "Sniper" {vorpal, Acc+∞ SInv}
     2 | D        | Found the +10 dark maul {vorpal}
     2 | D        | Found the +15 Maxwell's patent armour {-Cast -Tele rElec
                  | Will+ rCorr}
     2 | D        | Found the +18 shield of the Gong {rElec rN+ Will+ EV-5}
     2 | D        | Found the +14 obsidian axe {vorpal, Drain Fly SInv}
     2 | D        | Found the +7 great mace "Firestarter" {inner flame, rF++}
     2 | D        | Found the +6 shillelagh "Devastator" {shatter}
     2 | D        | Found the +11 plutonium sword {Contam Stlth-}
     2 | D        | Found the +8 lance "Wyrmbane" {slay drac, rPois rF+ rC+
                  | AC+3}
     2 | D        | Found the +9 sword of Zonguldrok {reap}
     2 | D        | Found the +13 scythe of Curses {drain, Drain}
     2 | D        | Found the +5 sword of Power {vorpal}
     2 | D        | Found the +7 mace of Variability {chain chaos}
     2 | D        | Found the +7 Singing Sword {vorpal, sonic wave}
     2 | D        | Found the +8 storm bow {elec, penet}
     3 | D        | Found a transporter.
     3 | D        | Found an ancient bone altar of Kikubaaqudgha.
     3 | D        | Found a viscous altar of Jiyva.
     3 | D        | Found a corrupted altar of Lugonu.
     3 | D        | Found a hazy altar of Hepliaklqana.
     3 | D        | Found a burning altar of Makhleb.
     3 | D        | Found an opulent altar of Gozag.
    35 | D        | Became a worshipper of Vehumet
    86 | D        | Entered arena 2.
    86 | D        | Noticed a wight
    86 | D        | Noticed a wight
    86 | D        | Found a transporter.
    88 | D        | Killed a wight
    89 | D        | Reached skill level 6 in Fire Magic
    89 | D        | Reached XP level 2. HP: 15/15 MP: 6/9
    89 | D        | Reached XP level 3. HP: 19/19 MP: 7/11
    90 | D        | Reached skill level 5 in Spellcasting
    90 | D        | Reached skill level 7 in Fire Magic
    90 | D        | Reached XP level 4. HP: 24/24 MP: 7/13
   240 | D        | Learned a level 3 spell: Conjure Flame
   244 | D        | Learned a level 3 spell: Inner Flame
   249 | D        | Learned a level 4 spell: Sticky Flame
   252 | D        | Entered arena 3.
   252 | D        | Found a transporter.
   253 | D        | Reached * piety under Vehumet
   253 | D        | Offered knowledge of Freeze by Vehumet.
   255 | D        | Reached skill level 8 in Fire Magic
   255 | D        | Reached skill level 1 in Evocations
   379 | D        | Entered arena 4.
   379 | D        | Noticed a phantom
   379 | D        | Noticed a necrophage
   379 | D        | Found a transporter.
   380 | D        | Reached ** piety under Vehumet
   381 | D        | Reached XP level 5. HP: 28/28 MP: 16/16
   383 | D        | Killed a necrophage
   384 | D        | Reached skill level 5 in Dodging
   384 | D        | Reached skill level 5 in Stealth
   384 | D        | Reached skill level 9 in Fire Magic
   384 | D        | Killed a phantom
   385 | D        | Reached skill level 10 in Fire Magic
   385 | D        | Reached XP level 6. HP: 32/32 MP: 17/19
   389 | D        | Got the Papyrus of Spatial Beguiling
   405 | D        | Learned a level 5 spell: Fireball
   408 | D        | Entered arena 5.
   408 | D        | Noticed an air elemental
   408 | D        | Noticed an air elemental
   408 | D        | Noticed an air elemental
   408 | D        | Noticed an air elemental
   408 | D        | Found a transporter.
   411 | D        | Slain by an air elemental

Illustrated notes

Levels and vault maps discovered:
D:        sprint_v [room_start, room_1, room_2, room_3, room_4, room_5, room_6,
          room_7, room_8, room_9, room_10, room_11, room_12, room_13, room_14,
          room_15, room_16, room_17, room_18, room_19, room_20, room_21,
          room_22, room_23, room_24, room_25, room_26, room_27]

Skill      XL: |  1  2  3  4  5 |
---------------+----------------+-----
Dodging        | 3 4 5 |  5.9
Stealth        | 3 4 5 |  5.8
Spellcasting   | 4 5 6 8 |  8.1
Fire Magic     | 6 7 8 10 | 10.6
Evocations     | 1 2 |  2.7
Conjurations   | |  1.5

Action                   |  1- 3 |  4- 6 || total
-------------------------+-------+-------++-------
 Cast: Sticky Flame      |       |     1 ||     1
Evoke: Wand              |     3 |     4 ||     7
       Lightning rod     |       |     4 ||     4
  Use: Potion            |       |     1 ||     1
Armor: Robe              |       |     1 ||     1
Dodge: Dodged            |     1 |     1 ||     2

Table legend: (Time is in decaauts)
 A = Elapsed time spent in this place.
 B = Non-inter-level travel time spent in this place.
 C = Inter-level travel time spent in this place.
 D = Time resting spent in this place.
 E = Time spent auto-exploring this place.
 F = Levels seen in this place.
 G = Mean time per level.
                   A        B        C        D        E       F      G
               +--------+--------+--------+--------+--------+-----+--------+
         Total |    409 |    409 |      0 |    245 |      0 |   1 |  409.0 |
       Dungeon |    409 |    409 |      0 |    245 |      0 |   1 |  409.0 |
               +--------+--------+--------+--------+--------+-----+--------+

Top non-repeatable levels by time:
       D: 409 daAuts
